 Dungeon Crawl Stone Soup version 0.29.1-12-g30fa7ad0bf (webtiles) character file.

Game seed: 10947037694889047389

315 booth the Chopper (level 6, -2/47 HPs)
             Began as a Demonspawn Gladiator on Dec 25, 2022.
             Slain by a steam dragon (6 damage)
             ... on level 4 of the Dungeon on Dec 26, 2022.
             The game lasted 00:21:26 (2976 turns).

booth the Chopper (Demonspawn Gladiator)            Turns: 2976, Time: 00:21:26

Health: -2/47      AC:  9    Str: 16    XL:     6   Next: 20%
Magic:  6/6        EV: 13    Int: 11    God:
Gold:   243        SH:  0    Dex: 21    Spells: 5/5 levels left

rFire   . . .      SeeInvis .   a - +0 war axe
rCold   . . .      Faith    .   (no shield)
rNeg    . . .      Spirit   .   b - +0 leather armour
rPois   .          Reflect  .   c - +0 helmet
rElec   .          Harm     .   (no cloak)
rCorr   .          Rampage  .   (no gloves)
Will    .....                   n - +0 pair of boots
Stlth   ++........              (no amulet)
HPRegen 0.15/turn               h - +4 ring of protection
MPRegen 0.10/turn               m - +6 ring of dexterity

@: no status effects
A: powered by pain 1, big brain 1
a: no special abilities


You were on level 4 of the Dungeon.
You visited 1 branch of the dungeon, and saw 4 of its levels.

You collected 243 gold pieces.

Inventory:

Hand Weapons
 a - a +0 war axe (weapon)
Missiles
 e - a javelin
 f - 3 silver boomerangs (quivered)
 i - 3 poisoned darts
 o - 6 datura-tipped darts
Armour
 b - a +0 leather armour (worn)
 c - a +0 helmet (worn)
 d - a +0 ring mail
 n - a +0 pair of boots (worn)
Magical Staves
 g - a staff of earth
Jewellery
 h - a +4 ring of protection (left hand)
 m - a +6 ring of dexterity (right hand)
Wands
 w - a wand of charming (7)
Scrolls
 j - a scroll of silence {unknown}
 p - a scroll of teleportation {unknown}
 q - a scroll of fog {unknown}
 r - a scroll of amnesia {unknown}
 s - a scroll of summoning
 u - a scroll of vulnerability {unknown}
 v - 2 scrolls of poison
Potions
 k - a potion of invisibility
 l - 2 potions of curing
 t - a potion of flight {unknown}
 x - a potion of degeneration {unknown}


   Skills:
 + Level 3.1 Fighting
 + Level 4.7 Axes
 + Level 2.3 Throwing
 + Level 2.0 Armour
 + Level 3.3 Dodging
 + Level 0.5 Stealth


You had 5 spell levels left.
You didn't know any spells.
Your spell library contained the following spells:

 Spells                   Type           Power      Damage    Failure   Level
 Blink                    Tloc           0%         N/A       54%         2
 Lesser Beckoning         Tloc           0%         N/A       78%         3
 Manifold Assault         Tloc           0%         N/A       100%        5


Dungeon Overview and Level Annotations

Branches:
Dungeon (4/15)
 Temple: D:4-7

Altars:
Dithmenos

Shops:
D:1 =

Annotations:
D:4 1 transporter, FizzleBangTC's ghost, amateur MeEE


Innate Abilities, Weirdness & Mutations

You sometimes gain a little power by taking damage.
You have an unusually large brain. (Int +2)


Message History

You see here a hound corpse.
Found a stone staircase leading down.
A steam dragon comes into view.
The steam dragon hisses angrily.
A giant cockroach comes into view.
The earth trembles for a moment.
Okay, then.
The steam dragon breathes steam at you. The ball of steam hits you!
The steam dragon bites you.
The steam dragon claws you but does no damage.
You hit the steam dragon.
The steam dragon is lightly wounded.
The steam dragon breathes steam at you. The ball of steam hits you!
You barely miss the steam dragon.
The steam dragon is lightly wounded.
You are engulfed in a cloud of scalding steam.
* * * LOW HITPOINT WARNING * * *
The steam dragon bites you but does no damage.
The steam dragon claws you but does no damage.
You feel better.
You are engulfed in a cloud of scalding steam.
The steam dragon bites you. The steam dragon misses you.
You closely miss the steam dragon.
The steam dragon is lightly wounded.
The steam dragon bites you but does no damage.
The steam dragon claws you but does no damage.
The steam dragon breathes steam at you. The ball of steam hits you!
* * * LOW HITPOINT WARNING * * *
The steam dragon bites you but does no damage.
The steam dragon claws you but does no damage.
Okay, then.
Aiming: Charm
Press: ? - help, Q - select action, (/) - cycle Shift-Dir - straight line, f - steam dragon
Aim: a steam dragon (lightly wounded, catching its breath, chance to affect: 49%)
The steam dragon resists with some effort.
The steam dragon bites you.
You die...

..................©#.#..
....#. #........<..#..# .
##....##.......>#..#..##..
...............##..#.#..#.
# .##.#............#W.....
##...###....##.....#######
#....#......###§)##....#
..##......#...§DB.#..###
.........###...§@..###
...##....##....§...#
...............##†.##
#.....##.......[....#
#.#...##.......#....#
..#.####......##...##
....####.....####.##
............## ###
#....####....##


You could see a steam dragon (catching breath) and a giant cockroach.

Vanquished Creatures
  An ogre (D:3)
  A necrophage (D:4)
  A hound (D:4)
  Jessica (D:3)
  2 adders
  A worm (D:2)
  6 dart slugs
  An orc (D:3)
  8 ball pythons
  4 endoplasms
  3 giant cockroaches
  10 goblins
  11 hobgoblins
  9 jackals
  3 quokkas (D:1)
  2 bats
  2 frilled lizards
  4 kobolds
  6 rats
76 creatures vanquished.

Notes
Turn   | Place    | Note
-------+----------+-------------------------------------------
     0 | D:1      | booth the Demonspawn Gladiator began the quest for the Orb.
     0 | D:1      | Reached XP level 1. HP: 16/16 MP: 1/1
   186 | D:1      | Gained mutation: You sometimes gain a little power by
                  | taking damage. [demonic ancestry]
   186 | D:1      | Reached XP level 2. HP: 22/22 MP: 2/2
   253 | D:1      | Reached skill level 3 in Axes
   500 | D:1      | Found Kurr's Jewellery Shoppe.
   585 | D:1      | Reached XP level 3. HP: 28/28 MP: 3/3
  1187 | D:2      | Found a faded altar of an unknown god.
  1914 | D:3      | Reached XP level 4. HP: 27/34 MP: 4/4
  1939 | D:3      | Noticed Jessica
  1950 | D:3      | Killed Jessica
  2080 | D:3      | Reached skill level 1 in Armour
  2267 | D:3      | Found a shadowy altar of Dithmenos.
  2351 | D:3      | Noticed an ogre
  2358 | D:3      | Reached skill level 4 in Axes
  2378 | D:3      | Killed an ogre
  2379 | D:3      | Reached XP level 5. HP: 20/41 MP: 5/5
  2642 | D:4      | Gained mutation: You have an unusually large brain. (Int
                  | +2) [demonic ancestry]
  2642 | D:4      | Reached XP level 6. HP: 16/47 MP: 6/6
  2928 | D:4      | Noticed FizzleBangTC's ghost (amateur MeEE)
  2929 | D:4      | Found a transporter.
  2958 | D:4      | Noticed a steam dragon
  2976 | D:4      | Slain by a steam dragon

Illustrated notes

Levels and vault maps discovered:
D:1:      dpeg_arrival_tiny_h, layout_basic, serial_shops,
          nicolae_shop_behind_doors, serial_glass, glass_columns_c,
          glass_columns_a, minmay_tetromino_l2
D:2:      layout_basic, hellmonk_ecumenical_altar_lost_god
D:3:      layout_rooms, nicolae_dithmenos_through_a_glass_darkly,
          minmay_ogre_servants, uniq_jessica
D:4:      layout_cave_pools, gammafunk_ghost_smash, minmay_manual_mandibuliform

Skill      XL: |  1  2  3  4  5 |
---------------+----------------+-----
Axes           | 3 4 |  4.7
Dodging        | 3 |  3.3
Throwing       | 2 |  2.3
Armour         | 1 2 |  2.0
Fighting       | 3 |  3.1
Stealth        | |  0.5

Action                   |  1- 3 |  4- 6 || total
-------------------------+-------+-------++-------
Melee: War axe           |   100 |    93 ||   193
Throw: Boomerang         |     2 |     6 ||     8
       Dart              |     1 |     4 ||     5
       Throwing net      |     1 |     2 ||     3
       Javelin           |       |     1 ||     1
Evoke: Wand              |       |     1 ||     1
  Use: Scroll            |     3 |     2 ||     5
       Potion            |       |     3 ||     3
 Stab: Sleeping          |     1 |       ||     1
Armor: Leather armour    |    49 |    63 ||   112
Dodge: Dodged            |    63 |    74 ||   137
